 Dungeon Crawl Stone Soup version 0.25-a0-547-g27a0b5d1ef (webtiles) character file.

Game seed: 13164374303926783896, levelgen mode: classic

105200 EnegeticOcto the Champion of Chaos (level 15, 51/132 HPs)
             Began as a Deep Dwarf Fighter on Feb 22, 2020.
             Was the Champion of Makhleb.
             Quit the game on level 4 of the Swamp.
             The game lasted 00:15:47 (14855 turns).

EnegeticOcto the Champion of Chaos (DDFi)          Turns: 14855, Time: 00:15:48

Health: 51/132     AC: 25    Str: 26    XL:     15   Next: 94%
Magic:  0/0        EV: 12    Int:  9    God:    Makhleb [******]
Gold:   1238       SH: 19    Dex: 12    Spells: 14/14 levels left

rFire    . . .     SeeInvis .   I - +4 broad axe (vorpal)
rCold    . . .     Gourm    .   J - +1 kite shield {reflect}
rNeg     + + .     Faith    .   K - +1 plate armour {rN+}
rPois    .         Spirit   .   h - +1 hat {MR+}
rElec    +         Reflect  +   v - +1 cloak
rCorr    .         Harm     .   g - +2 pair of gloves
MR       ++++.                  (no boots)
Stlth    ..........             B - amulet "Famus" {Reflect rElec SH+5}
HPRegen  0.00/turn              z - +2 ring of protection
MPRegen  0.07/turn              H - ring of protection from magic

@: mildly poisoned (51 -> 37), non-regenerating
A: damage resistance, heal wounds, frail 1, negative energy resistance 1, sense
surroundings 2, no regeneration
a: Heal Wounds, Minor Destruction, Lesser Servant of Makhleb, Major Destruction,
Greater Servant of Makhleb, Renounce Religion


You were on level 4 of the Swamp.
You worshipped Makhleb.
Makhleb was exalted by your worship.
You were not hungry.

You visited 5 branches of the dungeon, and saw 26 of its levels.
You visited 1 bazaar.
You also visited: Gauntlet and Ice Cave.

You collected 2803 gold pieces.
You spent 1565 gold pieces at shops.

Inventory:

Hand Weapons
 I - a +4 vorpal broad axe (weapon)
Missiles
 y - 2 throwing nets (quivered)
Armour
 g - a +2 pair of gloves (worn)
 h - a +1 hat of magic resistance (worn)
 v - a +1 cloak (worn)
 J - a +1 kite shield of reflection (worn)
 K - a +1 plate armour of positive energy (worn)
Jewellery
 z - a +2 ring of protection (left hand)
 B - the amulet "Famus" (around neck) {Reflect rElec SH+5}
   (You found it in a Gauntlet)

   [amulet of reflection]

   It shields you and reflects attacks.
   It insulates you from electricity.
   It affects your SH (+5).
 H - a ring of protection from magic (right hand)
Wands
 f - a wand of flame (25)
 p - a wand of paralysis (10)
 s - a wand of acid (10) {@v1}
 x - a wand of iceblast (7)
 R - a wand of scattershot (4)
Scrolls
 b - 7 scrolls of enchant armour
 c - 2 scrolls of teleportation {@r2}
 d - 2 scrolls of identify {@r1}
 i - 10 scrolls of remove curse {@r6}
 t - 3 scrolls of magic mapping {@r5}
 u - 3 scrolls of fear
 C - 2 scrolls of holy word
 E - 2 scrolls of summoning
 F - 2 scrolls of immolation {@r4}
 G - 6 scrolls of fog
Potions
 j - 3 potions of stabbing {@q5}
 k - 3 potions of might {@q3}
 n - a potion of haste {@q4}
 o - a potion of cancellation
 q - 2 potions of lignification {@q7}
 r - a potion of berserk rage
 A - 3 potions of flight
 N - a potion of ambrosia
 P - a potion of invisibility
Miscellaneous
 m - a lamp of fire
Comestibles
 e - 40 rations


   Skills:
 * Level 13.0 Fighting
 * Level 14.9 Axes
 + Level 11.4 Armour
 + Level 10.8 Dodging
 + Level 11.3 Shields
 * Level 15.9 Invocations


You had 14 spell levels left.
You didn't know any spells.
Your spell library was empty.

Dungeon Overview and Level Annotations

Branches:
Dungeon (15/15)            Temple (1/1) D:5            Lair (4/6) D:11
  Swamp (4/4) Lair:4        Snake (0/4) Lair:2          Orc (2/2) D:9
    Elf (0/3) Orc:2        Vaults (0/5) D:13         Depths (0/5) D:15
  IceCv (visited)         Gauntlet (visited)

Altars:
Ashenzari
Cheibriados
Dithmenos
Elyvilon
Fedhas
Gozag
Hepliaklqana
Makhleb
Nemelex Xobeh
Qazlal
Ru
Sif Muna
Trog
Uskayaw
Vehumet
Wu Jian
Xom
Yredelemnul
Zin
Beogh

Shops:
D:5 ((   D:9 ?   D:15 *   Orc:2 %[}:(

Annotations:
D:14 1 runed translucent door, Ukogguipp's ghost, journeyman DDFi
Swamp:4 1 runed translucent door, Tux's ghost, adept FoFi


Innate Abilities, Weirdness & Mutations

You are resistant to damage.
You can heal yourself by infusing magical energy.
You resist negative energy. (rN+)
You passively map the area around you.
You do not regenerate.
You are frail. (-10% HP)


Message History

Your unstable footing causes you to fumble your attack.
You are engulfed in poison gas.
You are more poisoned.
You feel extremely sick.
You slash the swamp dragon!
The swamp dragon is heavily wounded.
You feel extremely sick.
The swamp dragon breathes poison at you.
The blast of poison engulfs you but does no damage.
You are more poisoned.
You hear a roar!
You are too injured to fight recklessly!
You are too injured to fight recklessly!
You are too injured to fight recklessly!
You are too injured to fight recklessly!
You are too injured to fight recklessly!
You are too injured to fight recklessly!
You are too injured to fight recklessly!
You are too injured to fight recklessly!
You are too injured to fight recklessly!
You feel better.
You are engulfed in poison gas.
You are poisoned.
The swamp dragon bites you but does no damage.
The swamp dragon barely misses you.
The swamp dragon tramples you but does no damage.
You are engulfed in poison gas.
You are more poisoned.
You feel very sick. You block the swamp dragon's attack.
The swamp dragon closely misses you. You block the swamp dragon's attack. x3
The swamp dragon tramples you but does no damage.
Things that are here:
+0 swamp dragon scales; a swamp dragon corpse
Okay, then.
You are too injured to fight recklessly!
You are too injured to fight recklessly!
You are too injured to fight recklessly!
You are too injured to fight recklessly!
You are too injured to fight recklessly!
You are too injured to fight recklessly!
You are too injured to fight recklessly!
You are too injured to fight recklessly!
You are too injured to fight recklessly!
You are too injured to fight recklessly!
You are too injured to fight recklessly!
Your plate armour prevents you from hitting the swamp dragon.
The swamp dragon is heavily wounded.
You feel sick. You block the swamp dragon's attack. x3
You barely miss the swamp dragon.
The swamp dragon is moderately wounded.
You feel sick. You block the swamp dragon's attack.
The swamp dragon closely misses you. You block the swamp dragon's attack.
Your unstable footing causes you to fumble your attack.
You block the swamp dragon's attack.
The swamp dragon claws you but does no damage.
The swamp dragon tramples you but does no damage.
You slash the swamp dragon!
The swamp dragon is heavily wounded.
You slash the swamp dragon!
The swamp dragon is almost dead.
The swamp dragon breathes poison at you.
The blast of poison misses you.
You hear a roar! x2; You hear a deafening roar!
You hear a roar!
You hear a shout!
You hear a roar!
You hear a deafening roar!
You feel better.
You are engulfed in poison gas.
You are poisoned.
The swamp dragon bites you! You block the swamp dragon's attack.
The swamp dragon closely misses you.
Your unstable footing causes you to fumble your attack.
You are engulfed in poison gas.
You are more poisoned.
You feel very sick. You block the swamp dragon's attack.
The swamp dragon claws you but does no damage.
The swamp dragon barely misses you.
Your unstable footing causes you to fumble your attack.
You are engulfed in poison gas.
You are more poisoned.
* * * LOW HITPOINT WARNING * * *
You feel very sick. The swamp dragon bites you!
* * * LOW HITPOINT WARNING * * *
You block the swamp dragon's attack. x2
You carve the swamp dragon like a ham!!!
You kill the swamp dragon!
Makhleb accepts your kill.
You feel better.
You hear a splash.
The swamp dragon scales are intact enough to wear.
You feel very sick.
You feel very sick.
Things that are here:
+0 swamp dragon scales; a swamp dragon corpse You feel very sick.
You don't have enough innate magic capacity.
You don't have enough innate magic capacity.
You feel much better.
You feel very sick.
Okay, then.
Okay, then.
Okay, then.
Are you sure you want to abandon this character and quit the game? (Confirm with "yes".)

≈≈..≈≈..≈♣≈♣≈♣ , * ,
≈§≈≈≈≈≈≈.†.≈≈# , ,,
***≈,≈ .≈≈≈.≈≈...†≈♣ , ,
** ..≈≈≈≈≈.†≈†.♣# ,, , ,
*≈ ....≈§.♣.≈≈≈.# * *≈
..≈♣♣≈.♣♣♣♣.†♣♣# ,, ,
≈≈≈♣≈..<†≈♣≈≈..#* *
♣♣♣♣≈...†≈.≈≈≈≈♣## ≈ ≈
≈.♣♣....≈≈≈...[[@# , * ≈
*
≈≈..≈≈≈≈≈≈≈.≈≈.♣.≈.≈...♣*
*
≈≈≈....≈≈≈.≈≈≈≈♣♣.♣≈♣.♣♣
≈≈.≈≈♣♣≈.≈≈≈≈≈.♣*♣♣ ♣
≈.♣♣≈♣♣≈♣♣♣♣♣♣♣♣
..♣♣♣♣≈♣♣ .♣♣ *♣* .♣ ♣♣


There were no monsters in sight!

Vanquished Creatures
  A thorn hunter (Swamp:4)
  Gastronok (D:8)
  Kirke (D:15)
  A fire giant (D:14)
  A frost giant (IceCv)
  A deep elf high priest (D:14)
  A vault guard (D:13)
  3 ghost crabs
  9 hydras
  8 two-headed ogres
  3 alligators
  3 centaur warriors
  An ogre mage (D:15)
  2 death yaks (IceCv)
  4 tengu warriors
  A vampire mage (D:15)
  A spriggan (Swamp:3)
  An orc high priest (Orc:2)
  Nergalle (D:10)
  2 skeletal warriors (D:15)
  A sixfirhy (Gauntlet)
  A spriggan druid (Swamp:3)
  A flayed ghost (D:14)
  3 unseen horrors
  A phantasmal warrior (D:14)
  Pikel (D:9)
  4 swamp dragons (Swamp:4)
  2 necromancers
  5 orc knights
  A cyclops (D:14)
  4 orc sorcerers
  A wolf spider (D:14)
  5 manticores
  A deep elf mage (D:12)
  A fire giant skeleton (D:15)
  5 ugly things
  An ice statue (IceCv)
  Maurice (D:11)
  11 elephants
  A torpor snail (Lair:3)
  A black mamba (Lair:2)
  2 gargoyles
  7 spiny frogs
  4 rime drakes
  A kobold demonologist (D:15)
  A yaktaur (D:15)
  An efreet (D:15)
  A komodo dragon (D:13)
  A freezing wraith (D:15)
  A tengu conjurer (D:14)
  5 trolls
  2 hornets
  17 polar bears
  A queen bee (shapeshifter) (D:14)
  A wind drake (shapeshifter) (D:14)
  9 slime creatures
  Grinder (D:4)
  3 blink frogs (Swamp:4)
  A queen bee (D:9)
  3 hippogriffs
  A raiju (shapeshifter) (D:15)
  A bog body (Swamp:3)
  Sigmund (D:2)
  2 ettin zombies (D:15)
  2 shadows (Swamp:3)
  An ettin skeleton (D:15)
  4 wraiths
  5 wyverns
  2 basilisks
  28 yaks
  2 hogs (D:15)
  3 hungry ghosts
  Eustachio (D:4)
  2 steam dragons
  11 vampire mosquitoes
  3 wargs
  2 nagas (Lair:2)
  3 insubstantial wisps
  5 swamp worms
  8 water moccasins
  An acid dragon (D:15)
  2 soldier ants
  25 orc warriors
  A hornet zombie (D:15)
  8 porcupines
  8 swamp drakes
  7 sky beasts
  3 black bears
  An eye of draining (D:13)
  2 phantoms
  A slave (D:9)
  9 ice beasts
  21 ogres
  22 wolves
  2 necrophages
  5 centaurs
  3 boggarts (D:14)
  5 crocodiles
  2 big kobolds
  Blork the orc (D:4)
  A wyvern zombie (D:13)
  14 bullfrogs
  A gnoll sergeant (D:11)
  A wyvern skeleton (D:10)
  5 scorpions
  35 killer bees
  A howler monkey (D:4)
  8 crimson imps
  A bullfrog zombie (D:13)
  2 quasits
  4 centaur zombies
  4 jellies
  5 hounds
  2 bullfrog skeletons
  15 orc priests
  24 orc wizards
  Natasha (thrice) (D:4)
  3 iguanas
  13 worker ants
  2 hound skeletons
  4 worker ant zombies
  7 adders
  22 gnolls
  A river rat (Lair:4)
  5 shadow imps
  2 white imps (D:9)
  3 ufetubi
  An adder zombie (D:5)
  3 worms
  2 dart slugs
  5 leopard geckos
  75 orcs
  3 bats
  2 giant cockroaches
  2 goblins (D:1)
  A hobgoblin (D:3)
  3 jackals (D:5)
  7 quokkas
  2 ball pythons
  3 frilled lizards
  7 kobolds
  A quokka skeleton (D:5)
  4 rats
  9 briar patches (Swamp:4)
  A butterfly (Lair:2)
  A fungus (Lair:2)
  3 plants
  2 withered plants (D:15)
701 creatures vanquished.

Vanquished Creatures (collateral kills)
  Rupert (Orc:2)
  Donald (Swamp:4)
  A minotaur (Gauntlet)
  An ettin (D:14)
  A hydra (D:11)
  2 alligators (Swamp:4)
  4 orc sorcerers (Orc:2)
  A minotaur zombie (Gauntlet)
  2 tyrant leeches (Swamp:4)
  3 slime creatures (Swamp:4)
  A blink frog (Swamp:4)
  A vampire mosquito (Swamp:4)
  A porcupine (D:11)
  4 orc warriors (Orc:2)
  5 orc priests (Orc:2)
  5 orc wizards (Orc:2)
  An orc (Orc:2)
35 creatures vanquished.

Vanquished Creatures (others)
  Erica (D:9)
  2 cyclopes
  A spiny frog (Swamp:3)
  A yak (IceCv)
  5 insubstantial wisps (Swamp:2)
  A slave (D:9)
  2 swamp drakes (Swamp:3)
  A sky beast (D:15)
  4 centaurs
  2 orc wizards
  3 orcs (D:9)
  2 kobolds (D:14)
  6 fungi
  4 plants
  2 withered plants (D:15)
37 creatures vanquished.

Grand Total: 773 creatures vanquished

Notes
Turn   | Place    | Note
-------+----------+-------------------------------------------
     0 | D:1      | EnegeticOcto the Deep Dwarf Fighter began the quest for the
                  | Orb.
     0 | D:1      | Reached XP level 1. HP: 20/20 MP: 1/1
    46 | D:1      | Reached XP level 2. HP: 27/27 MP: 2/2
   165 | D:2      | Found a sacrificial altar of Ru.
   185 | D:2      | Noticed Sigmund
   202 | D:2      | Killed Sigmund
   202 | D:2      | Reached skill level 1 in Dodging
   202 | D:2      | Reached XP level 3. HP: 36/36 MP: 2/2
   202 | D:2      | Reached XP level 4. HP: 44/44 MP: 3/3
   202 | D:2      | Reached XP level 5. HP: 50/50 MP: 4/4
   434 | D:4      | Noticed an ogre
   454 | D:4      | Killed an ogre
   454 | D:4      | Reached XP level 6. HP: 31/57 MP: 3/3
   471 | D:4      | Noticed Grinder
   485 | D:4      | Killed Grinder
   485 | D:4      | Reached XP level 7. HP: 47/66 MP: 4/4
   513 | D:4      | Noticed Eustachio
   528 | D:4      | Killed Eustachio
   528 | D:4      | Reached skill level 5 in Axes
   571 | D:4      | Noticed Blork the orc
   580 | D:4      | Killed Blork the orc
   612 | D:4      | Reached skill level 5 in Fighting
   638 | D:4      | Noticed Natasha
   654 | D:4      | Killed Natasha
   773 | D:4      | Noticed Natasha
   786 | D:4      | Killed Natasha
   847 | D:4      | Noticed Natasha
   860 | D:4      | Killed Natasha
   961 | D:5      | Entered Level 5 of the Dungeon
   995 | D:5      | Reached skill level 5 in Armour
   995 | D:5      | Reached skill level 5 in Shields
   995 | D:5      | Reached XP level 8. HP: 64/74 MP: 2/2
  1064 | D:5      | Found Qol Umyf's Antique Weapon Emporium.
  1229 | D:5      | Found a staircase to the Ecumenical Temple.
  1288 | Temple   | Entered the Ecumenical Temple
  1319 | Temple   | Became a worshipper of Makhleb the Destroyer
  1458 | D:5      | Found Bats's Antique Weapon Shop.
  1462 | D:5      | Bought a broad axe for 100 gold pieces
  1771 | D:6      | Found a hazy altar of Hepliaklqana.
  1772 | D:6      | Found a shimmering altar of Xom.
  1773 | D:6      | Noticed a spectral ugly thing
  1866 | D:6      | Reached skill level 1 in Invocations
  1979 | D:6      | Noticed a gargoyle
  1993 | D:6      | Killed a gargoyle
  1993 | D:6      | Reached skill level 2 in Invocations
  2069 | D:6      | Found a stormy altar of Qazlal.
  2076 | D:6      | Gained mutation: You passively map the area around you.
                  | [Deep Dwarf growth]
  2076 | D:6      | Reached XP level 9. HP: 27/82 MP: 0/2
  2100 | D:6      | Found a radiant altar of Vehumet.
  2108 | D:6      | Found a basalt altar of Yredelemnul.
  2110 | D:6      | Found a sacrificial altar of Ru.
  2254 | D:6      | Found a sparkling altar of Nemelex Xobeh.
  2254 | D:6      | Found an ornate altar of the Wu Jian Council.
  2259 | D:6      | Reached skill level 3 in Invocations
  2489 | D:7      | Reached * piety under Makhleb
  2716 | D:7      | Reached skill level 4 in Invocations
  2759 | D:7      | Found an opulent altar of Gozag.
  3002 | D:7      | Reached skill level 5 in Dodging
  3045 | D:7      | Found a snail-covered altar of Cheibriados.
  3177 | D:8      | Noticed Gastronok
  3197 | D:8      | Killed Gastronok
  3197 | D:8      | Reached skill level 6 in Invocations
  3197 | D:8      | Reached XP level 10. HP: 94/94 MP: 2/4
  3292 | D:8      | Reached ** piety under Makhleb
  3565 | D:8      | Noticed a two-headed ogre
  3576 | D:8      | Killed a two-headed ogre
  3576 | D:8      | Reached skill level 7 in Invocations
  3799 | D:9      | Noticed Pikel
  3812 | D:9      | Killed Pikel
  3818 | D:9      | Reached *** piety under Makhleb
  3849 | D:9      | Found a staircase to the Orcish Mines.
  3860 | D:9      | Reached skill level 8 in Invocations
  3947 | D:9      | Noticed Erica
  3973 | D:9      | Killed Erica
  3973 | D:9      | Reached XP level 11. HP: 60/104 MP: 4/4
  4075 | D:9      | Found Vimnof's Magic Scroll Boutique.
  4091 | D:9      | Bought a scroll of magic mapping for 49 gold pieces
  4099 | D:9      | Found a shadowy altar of Dithmenos.
  4320 | D:9      | Reached **** piety under Makhleb
  4320 | D:9      | Reached skill level 10 in Axes
  4609 | D:10     | Entered Level 10 of the Dungeon
  4609 | D:10     | Noticed Nergalle
  4653 | D:10     | Killed Nergalle
  4653 | D:10     | Reached skill level 9 in Invocations
  5094 | D:10     | Noticed a red ugly thing
  5107 | D:10     | Killed a red ugly thing
  5540 | D:11     | Noticed Maurice
  5551 | D:11     | Killed Maurice
  5601 | D:11     | Noticed a purple ugly thing
  5617 | D:11     | Killed a purple ugly thing
  5645 | D:11     | Noticed a two-headed ogre
  5655 | D:11     | Killed a two-headed ogre
  5655 | D:11     | Reached skill level 10 in Invocations
  5721 | D:11     | Found a white marble altar of Elyvilon.
  5754 | D:11     | Noticed a cyan ugly thing
  5755 | D:11     | Noticed a cyan ugly thing
  5756 | D:11     | Noticed a seven-headed hydra
  5780 | D:11     | Killed a cyan ugly thing
  5780 | D:11     | Killed a 12-headed hydra
  5780 | D:11     | Reached XP level 12. HP: 108/115 MP: 4/4
  5901 | D:11     | Found a staircase to the Lair.
  6832 | D:13     | Found a gateway to a bazaar.
  6864 | D:13     | Found a gate leading to a gauntlet.
  6884 | Gauntlet | Entered a Gauntlet
  6884 | Gauntlet | Found a transporter.
  6884 | Gauntlet | Found a transporter.
  6892 | Gauntlet | Found a transporter.
  6896 | Gauntlet | Found a transporter.
  6900 | Gauntlet | Found a runed translucent door.
  6902 | Gauntlet | Found a runed translucent door.
  6904 | Gauntlet | Found a transporter.
  6908 | Gauntlet | Found a transporter.
  6910 | Gauntlet | Noticed a death scarab
  6916 | Gauntlet | Found a transporter.
  6931 | Gauntlet | Found a runed translucent gate.
  6932 | Gauntlet | Found a transporter.
  6932 | Gauntlet | Found a runed translucent gate.
  6933 | Gauntlet | Found a runed translucent gate.
  6935 | Gauntlet | Noticed a reaper
  6946 | Gauntlet | Found a transporter.
  6950 | Gauntlet | Found a transporter.
  6961 | Gauntlet | Found a transporter.
  6962 | Gauntlet | Found a transporter.
  7113 | Gauntlet | Got a scorched ivory amulet
  7115 | Gauntlet | Identified the amulet "Famus" {Reflect rElec SH+5} (You
                  | found it in a Gauntlet)
  7119 | Gauntlet | Noticed a death scarab
  7156 | Gauntlet | Noticed a minotaur
  7159 | Gauntlet | Identified Sif Muna's Volume of Mutagenic Necromancy
  7171 | Gauntlet | Killed a minotaur
  7171 | Gauntlet | Reached skill level 11 in Invocations
  7254 | D:13     | Reached skill level 10 in Fighting
  7408 | D:13     | Reached ***** piety under Makhleb
  7561 | D:13     | Noticed a two-headed ogre
  7572 | D:13     | Killed a two-headed ogre
  7612 | D:13     | Found a roughly hewn altar of Beogh.
  7733 | D:13     | Reached XP level 13. HP: 84/124 MP: 4/4
  8015 | D:13     | Reached skill level 12 in Invocations
  8048 | D:13     | Found a gate to the Vaults.
  8214 | Orc:1    | Entered Level 1 of the Orcish Mines
  8257 | Orc:1    | Gained mutation: You are frail. (-10% HP) [a neqoxec]
  8437 | Orc:1    | You fall into a shaft and drop 1 floor!
  8437 | Orc:2    | Entered Level 2 of the Orcish Mines
  8486 | Orc:2    | Found a staircase to the Elven Halls.
  8539 | Orc:2    | HP: 2/113 [orc priest/divine providence (15)]
  8576 | Orc:2    | Noticed Rupert
  8587 | Orc:2    | Killed Rupert
  8609 | Orc:2    | Found Rozoa's Weapon Emporium.
  8609 | Orc:2    | Found Vanwoorr's Armour Shoppe.
  8609 | Orc:2    | Found Cinic's Gadget Shoppe.
  8625 | Orc:2    | Found Fuataext's Book Emporium.
  8626 | Orc:2    | Reached ****** piety under Makhleb
  8862 | Orc:2    | Found a roughly hewn altar of Beogh.
  8964 | Orc:2    | Found Ihaxtyet's Food Shop.
  9681 | D:14     | Reached skill level 13 in Invocations
  9727 | D:14     | Found the amulet of the Four Winds {rN+ MR+++ Clar}
 10006 | D:14     | Found a runed translucent door.
 10011 | D:14     | Noticed Ukogguipp's ghost (journeyman DDFi)
 10081 | D:14     | Gained mutation: You resist negative energy. (rN+) [Deep
                  | Dwarf growth]
 10081 | D:14     | Reached XP level 14. HP: 112/121 MP: 4/4
 10128 | D:14     | Reached skill level 10 in Armour
 10128 | D:14     | Reached skill level 10 in Shields
 10193 | D:14     | Noticed a fire giant
 10205 | D:14     | Killed a fire giant
 10369 | D:15     | Entered Level 15 of the Dungeon
 10421 | D:15     | Found a staircase to the Depths.
 10718 | D:15     | Found Seana's General Store.
 10742 | D:15     | Bought a potion of might for 48 gold pieces
 10742 | D:15     | Bought a scroll of blinking for 90 gold pieces
 10742 | D:15     | Bought a scroll of enchant armour for 90 gold pieces
 10911 | D:15     | Reached skill level 14 in Invocations
 10966 | D:15     | Noticed Kirke
 10984 | D:15     | Killed Kirke
 11334 | Bazaar   | Entered a bazaar
 11338 | Bazaar   | Found Igoent's Antique Armour Boutique.
 11346 | Bazaar   | Found Asiji's Antique Weapon Boutique.
 11354 | Bazaar   | Bought a glowing war axe for 84 gold pieces
 11354 | Bazaar   | Bought a runed war axe for 84 gold pieces
 11359 | Bazaar   | Found Kuawk's General Store.
 11367 | Bazaar   | Bought a scroll of acquirement for 832 gold pieces
 11367 | Bazaar   | Identified the +3 war axe of Miucutsi {vorpal, Int+6} (You
                  | acquired it in a bazaar)
 11367 | Bazaar   | Identified the ring "Udafym" {Str+2 Dex+5} (You acquired it
                  | in a bazaar)
 11372 | Bazaar   | Found Cidwig's Gadget Shop.
 11380 | Bazaar   | Found Nassak's Magic Scroll Shop.
 11388 | Bazaar   | Bought a scroll of enchant weapon for 67 gold pieces
 11388 | Bazaar   | Bought 3 scrolls of fog for 54 gold pieces
 11388 | Bazaar   | Bought a scroll of enchant armour for 67 gold pieces
 11465 | Lair:1   | Entered Level 1 of the Lair of Beasts
 11739 | Lair:2   | Found a staircase to the Snake Pit.
 11860 | Lair:2   | Reached skill level 10 in Dodging
 12573 | Lair:3   | Reached XP level 15. HP: 130/130 MP: 2/4
 12957 | Lair:4   | Found a frozen archway.
 12966 | IceCv    | Entered an ice cave
 13165 | IceCv    | Reached skill level 15 in Invocations
 13413 | IceCv    | Noticed a frost giant
 13426 | IceCv    | Killed a frost giant
 14137 | Lair:4   | Found a staircase to the Swamp.
 14144 | Swamp:1  | Entered Level 1 of the Swamp
 14483 | Swamp:4  | Entered Level 4 of the Swamp
 14488 | Swamp:4  | Noticed Donald
 14530 | Swamp:4  | Killed Donald
 14537 | Swamp:4  | Noticed a thorn hunter
 14551 | Swamp:4  | Killed a thorn hunter
 14639 | Swamp:4  | Found a runed translucent door.
 14653 | Swamp:4  | Noticed Tux's ghost (adept FoFi)
 14855 | Swamp:4  | Quit the game

Levels and vault maps discovered:
D:1:      roderic_chinese_lattice_arrival, layout_loops_ring
D:2:      layout_rooms, first_ration, minmay_misc_feat_columns,
          minmay_hedge_maze, nicolae_ru_sacrificial_ziggurat, uniq_terence,
          uniq_sigmund, uniq_robin
D:3:      layout_loops_ring
D:4:      layout_gridville, minmay_liquid_box, uniq_blork_the_orc, uniq_grinder,
          uniq_eustachio, uniq_natasha
D:5:      cheibrodos_quashed, layout_loops_ring, minmay_temple_entry_waves,
          serial_shops, nicolae_shop_competitors_out_of_business, shop
D:6:      layout_loops_ring, regret_index_temple_of_mockery,
          gammafunk_temple_overflow_elements, grunt_temple_overflow_open
D:7:      layout_basic, nicolae_gozag_seed_capital, kennysheep_mini_moat
D:8:      layout_rooms, uniq_gastronok
D:9:      layout_roguey, erik_orc_1, serial_ice, serial_ice_b, serial_ice_i,
          serial_ice_c, serial_ice_f, serial_ice_g, serial_ice_a, serial_shops,
          nicolae_shop_stone, david_nohive_1,
          nicolae_dithmenos_through_a_glass_darkly, uniq_pikel, uniq_erica
D:10:     layout_irregular_city, hangedman_misty_isle, uniq_nergalle
D:11:     layout_cave_pods, grunt_lair_entry_orc_guard_hut, elyvilon_altar_1,
          uniq_maurice
D:12:     layout_big_octagon, chequers_jeans, nrook_uturn
D:13:     kennysheep_six_static_rooms, layout_basic, david_vaults_5,
          serial_shops, statue_bzr, gauntlet_entry_generic, special_room
          [special_room_orc]
D:14:     minmay_sliced_demisemicircle, layout_rooms, ebering_ghost_inner_flame,
          chequers_serial_rivers_small_3, kennysheep_donut
D:15:     gammafunk_depths_entry_grave, layout_loops_ring, serial_shops,
          nicolae_shop_trees, minivault_26, uniq_kirke
Temple:   nicolae_temple_hex_pool
Lair:1:   layout_chaotic_city, chequers_serial_rivers_micro_b,
          kennysheep_rathole
Lair:2:   layout_roguey, minmay_snake_entry_guardpost_small, lemuel_fruit_fields
Lair:3:   layout_gridlike, grunt_megastairs_1, infiniplex_staircase_pool_2,
          lemuel_fruit_tree
Lair:4:   layout_hall_layers, swamp_mist, gammafunk_ghost_arena,
          portal_ice_cave_rime, pond
Swamp:1:  layout_falls_marsh, evilmike_swamp_ruin_rubble_1
Swamp:2:  layout_basic_swamp, evilmike_swamp_ruin_house_5, swamp_pool2,
          uniq_nikola
Swamp:3:  layout_basic_swamp, hangedman_swamp_cone, swamp_pool2,
          infiniplex_staircase_pool
Swamp:4:  swamp, layout_basic_swamp, ebering_ghost_reflecting_pool, swamp_pool3,
          statue_in_the_mist_lemuel, uniq_donald
Orc:1:    layout_diamond_mine
Orc:2:    st_orc_mages, layout_diamond_mine, basic_altar, serial_shops,
          nicolae_shop_waterfront, uniq_rupert

Skill      XL: |  1  2  3  4  5  6  7  8  9 10 11 12 13 14 15 |
---------------+----------------------------------------------+-----
Fighting       | 3 4 5 6 7 8 9 10 11 12 13 | 13.0
Axes           | 3 4 5 7 8 9 10 12 13 14 | 14.9
Dodging        | 1 2 3 4 5 6 7 8 9 10 | 10.8
Shields        | 4 5 6 7 8 9 10 11 | 11.3
Armour         | 4 5 6 7 8 9 10 11 | 11.4
Invocations    | 2 6 8 10 11 13 14 15 | 15.9

Action                   |  1- 3 |  4- 6 |  7- 9 | 10-12 | 13-15 || total
-------------------------+-------+-------+-------+-------+-------++-------
Melee: War axe           |    57 |    51 |   224 |       |   550 ||   882
       Broad axe         |       |       |   209 |  1012 |   929 ||  2150
Invok: Lesser Servant of |       |       |       |     3 |     4 ||     7
       Greater Servant o |       |       |       |       |     3 ||     3
 Abil: Heal Wounds       |     1 |     4 |    22 |    28 |    47 ||   102
Evoke: Wand              |       |       |       |     3 |    11 ||    14
  Use: Scroll            |       |       |    12 |     9 |    13 ||    34
       Potion            |       |       |     2 |       |     8 ||    10
 Stab: Distracted        |       |       |       |     2 |     3 ||     5
       Confused          |       |       |       |       |     2 ||     2
  Eat: Chunk             |       |     7 |    11 |    10 |    20 ||    48
       Ration            |       |       |       |     1 |     4 ||     5
Armor: Scale mail        |    21 |     9 |    11 |       |       ||    41
       Chain mail        |       |       |   149 |       |       ||   149
       Plate armour      |       |       |    76 |   726 |  1032 ||  1834
       Skin              |       |       |       |       |    35 ||    35
Dodge: Dodged            |    33 |    21 |   171 |   411 |   644 ||  1280
Block: Kite shield       |    35 |    30 |   375 |  1207 |  1700 ||  3347
       Reflection        |       |       |     4 |    28 |    24 ||    56

Table legend:
 A = Non-vault XP
 B = Vault XP
 C = Vault XP percentage of total XP
 D = Non-vault monster count
 E = Vault monster count
 F = Vault count percentage of total count
                 A         B        C        D         E       F
            +---------+---------+-------+---------+---------+-------
      Total |   84415 |   65871 |  43.8 |     479 |     255 |  34.7
            +---------+---------+-------+---------+---------+-------
        D:1 |      14 |       0 |   0.0 |       8 |       0 |   0.0
        D:2 |      23 |     238 |  91.2 |       8 |       1 |  11.1
        D:3 |      10 |       0 |   0.0 |       4 |       0 |   0.0
        D:4 |     447 |     591 |  56.9 |      19 |       4 |  17.4
        D:5 |     906 |       0 |   0.0 |      33 |       0 |   0.0
        D:6 |     759 |       0 |   0.0 |      13 |       0 |   0.0
        D:7 |    1224 |       0 |   0.0 |      23 |       0 |   0.0
        D:8 |    2476 |    2193 |  47.0 |      35 |       1 |   2.8
        D:9 |    1283 |    4644 |  78.4 |      24 |      42 |  63.6
       D:10 |    1239 |    1668 |  57.4 |      13 |       7 |  35.0
       D:11 |    5060 |    1240 |  19.7 |      19 |       7 |  26.9
       D:12 |    2176 |       0 |   0.0 |      22 |       0 |   0.0
       D:13 |    9174 |    4085 |  30.8 |      42 |      27 |  39.1
       D:14 |    5594 |    8719 |  60.9 |      31 |      12 |  27.9
       D:15 |   13617 |    6794 |  33.3 |      32 |      11 |  25.6
     Lair:1 |     376 |       0 |   0.0 |       3 |       0 |   0.0
     Lair:2 |    4857 |     320 |   6.2 |      15 |       2 |  11.8
     Lair:3 |    6390 |    1693 |  20.9 |      19 |       8 |  29.6
     Lair:4 |    3601 |    1042 |  22.4 |      12 |       6 |  33.3
    Swamp:1 |     133 |       0 |   0.0 |       1 |       0 |   0.0
    Swamp:2 |    2136 |       0 |   0.0 |      10 |       0 |   0.0
    Swamp:3 |    5530 |       0 |   0.0 |      15 |       0 |   0.0
    Swamp:4 |    9293 |    8616 |  48.1 |      27 |      13 |  32.5
      Orc:1 |    4581 |       0 |   0.0 |      24 |       0 |   0.0
      Orc:2 |    3516 |    6072 |  63.3 |      27 |      47 |  63.5
      IceCv |       0 |   14526 | 100.0 |       0 |      55 | 100.0
   Gauntlet |       0 |    3430 | 100.0 |       0 |      12 | 100.0
            +---------+---------+-------+---------+---------+-------
